 Dungeon Crawl Stone Soup version 0.22-a0-580-gd5db89c (webtiles) character file.

5 varam the Firebug (level 1, -1/11 HPs)
             Began as an Octopode Fire Elementalist on July 3, 2018.
             Hit by a stone thrown by a kobold (2 damage)
             ... on level 1 of the Dungeon.
             The game lasted 00:01:25 (217 turns).

varam the Firebug (Octopode Fire Elementalist)       Turns: 217, Time: 00:01:26

Health: -1/11      AC:  1    Str:  7    XL:     1   Next: 80%
Magic:  0/3        EV: 13    Int: 17    God:
Gold:   0          SH:  0    Dex: 12    Spells: 3/4 levels left

rFire    . . .     SeeInvis .   (no weapon)
rCold    . . .     Gourm    .   (no shield)
rNeg     . . .     Faith    .   (helmet restricted)
rPois    .         Spirit   .   (no amulet)
rElec    .         Reflect  .   (no ring)
rCorr    .         Harm     .   (no ring)
MR       .....                  (no ring)
Stlth    ++++......             (no ring)
HPRegen  0.03/turn              (no ring)
MPRegen  0.08/turn              (no ring)
                                (no ring)
                                (no ring)

@: no status effects
A: almost no armour, stealthy swim, amphibious, 8 rings, constrict 8, camouflage
1, gelatinous body 1
a: no special abilities


You were on level 1 of the Dungeon.
You were not hungry.

You visited 1 branch of the dungeon, and saw 1 of its levels.

Inventory:

Missiles
 c - 21 stones (quivered)
Scrolls
 a - a scroll of random uselessness {unknown}
Comestibles
 b - 2 chunks of flesh
 e - a ration


   Skills:
 - Level 2.0 Dodging
 - Level 2.6 Stealth
 - Level 2.0 Spellcasting
 + Level 1.4 Conjurations
 + Level 3.2 Fire Magic


You had 3 spell levels left.
You knew the following spells:

 Your Spells              Type           Power        Failure   Level  Hunger
a - Flame Tongue          Conj/Fire      #....        8%          1    #......

Your spell library contained the following spells:

 Spells                   Type           Power        Failure   Level  Hunger
 Fireball                 Conj/Fire      #.........   91%         5    ######.
 Conjure Flame            Conj/Fire      #.......     22%         3    ###....
 Throw Flame              Conj/Fire      #.....       12%         2    ###....
 Sticky Flame             Conj/Fire      #.......     58%         4    #####..
 Inner Flame              Hex/Fire       #.......     30%         3    ###....


Dungeon Overview and Level Annotations

Branches:
Dungeon (1/15)

Altars:


Innate Abilities, Weirdness & Mutations

You cannot wear most types of armour.
You are very stealthy in the water. (Stealth+)
You are amphibious.
You can wear up to eight rings at the same time.
You can use your tentacles to constrict eight enemies at once.
Your skin changes colour to match your surroundings (Stealth+).
Your rubbery body absorbs attacks. (AC +1, EV +1)


Message History

Casting: Flame Tongue (safe; 8% risk of failure)
Confirm with . or Enter, or press ? or * to list all spells.
Aiming: Flame Tongue (safe; 8% risk of failure)
Press: ? - help, Shift-Dir - straight line, f - kobold
Aim: a kobold, wearing a ring mail The flame tongue misses the kobold.
The kobold throws a stone.
The stone hits you but does no damage.
You hear a splash.
Casting: Flame Tongue (safe; 8% risk of failure)
Confirm with . or Enter, or press ? or * to list all spells.
You don't have enough magic to cast that spell.
You aren't carrying any potions.
Unknown command.
Throwing (i - inventory)
c - 22 stones (quivered)
Press: ? - help, Shift-Dir - straight line, f/p - kobold
Aim: a kobold, wearing a ring mail You throw a stone.
The stone hits the kobold but does no damage.
The kobold throws a stone.
The stone hits you.
You die...

....# ######### .....
##..≈≈≈..## .....
#.≈≈≈≈≈≈≈.# ....#
#..≈≈≈≈≈..# ...# #...≈...#
.K# #### ####### ### #.#
##..## #@.≈# #..##
#.####....## ##'## #....#
#....#....####...####....##
#.##.'....#8#K.K..#.#....#.
#.##.'..#.(.'..<..'.#....#.
#.##.'....#8#.....#.#....#.
#.####....####...####....##
##'####....## ##'## #....#
#....###..## #≈.≈# #..##


You could see a kobold.

Vanquished Creatures
  A leopard gecko (D:1)
  A giant cockroach (D:1)
  A hobgoblin (D:1)
  A kobold (D:1)
4 creatures vanquished.

Notes
Turn   | Place    | Note
-------+----------+-------------------------------------------
     0 | D:1      | varam the Octopode Fire Elementalist began the quest for the Orb.
     0 | D:1      | Reached XP level 1. HP: 11/11 MP: 3/3
   217 | D:1      | Hit by a stone thrown by a kobold

Vault maps used:
D:1:      shiori_arrival_elements

Action                   || total
-------------------------++-------
Melee: Unarmed           ||     8
       Constrict         ||     2
       Tentacles         ||     1
Throw: Stone             ||     1
 Cast: Flame Tongue      ||     9
Armor: Skin              ||     1
Dodge: Dodged            ||    10

Table legend:
 A = Spawn XP
 B = Non-spawn XP
 C = Spawn XP percentage of total XP
 D = Spawn monster count
 E = Non-spawn monster count
 F = Spawn count percentage of total count
 G = Total turns spent on level
                    A         B        C        D         E        F      G
               +---------+---------+-------+---------+---------+-------+---------
         Total |       0 |       8 |   0.0 |       0 |       4 |   0.0 |   217
               +---------+---------+-------+---------+---------+-------+---------
           D:1 |       0 |       8 |   0.0 |       0 |       4 |   0.0 |   217
               +---------+---------+-------+---------+---------+-------+---------
